[Event "41st Arco Open 2019"]
[Site "Arco"]
[Date "2019.10.05"]
[Round "2"]
[White "Horvath, Csaba"]
[Black "Behling, Robert"]
[Result "1-0"]
[ECO "A13"]
[WhiteElo "2503"]
[BlackElo "2062"]
[Annotator "ChessBase"]
[PlyCount "103"]
[EventDate "2019.10.04"]
[EventType "swiss"]
[EventCountry "ITA"]
[SourceTitle "playchess.com"]
[Source "ChessBase"]
[SourceQuality "1"]
[TimeControl "40/5400+30:1800+30"]

1. c4 e6 2. Nf3 d5 3. b3 Nf6 4. Bb2 Be7 5. g3 O-O 6. Bg2 c5 7. cxd5 Nxd5 8. d4 Qa5+ 9. Qd2 Qxd2+ 10. Nbxd2 Nc6 11. dxc5 Bxc5 12. O-O Rd8 13. Rfc1 Bf8 14. Ne4 Bd7 15. Nc5 Bxc5 16. Rxc5 Rac8 17. e4 Nde7 18. Bf1 Kf8 19. a3 Nb8 20. Rac1 Rxc5 21. Rxc5 Bc6 22. Rc4 Rd1 23. Nd4 e5 24. Nxc6 Nbxc6 25. Kg2 Nc8 26. Rc1 Rxc1 27. Bxc1 Nd6 28. f3 Ke7 29. Kf2 a6 30. Bd3 Nd4 31. b4 b5 32. Be3 Nc6 33. Bc5 Kd7 34. Ke3 f6 35. h4 g6 36. Bf1 Kc7 37. Kd2 Nb7 38. Be3 Nd6 39. Kc3 f5 40. exf5 Nxf5 41. Bf2 Nfd4 42. f4 Ne6 43. Bh3 Kd6 44. f5 gxf5 45. Bxf5 h6 46. Be3 Ned4 47. Bg4 Kd5 48. Bxh6 Ne7 49. Be3 Nef5 50. Bxd4 exd4+ 51. Kd3 Nxg3 52. h5 1-0

[Event "41st Arco Open 2019"]
[Site "Arco"]
[Date "2019.10.05"]
[Round "2"]
[White "Okhotnik, Vladimir"]
[Black "Beulertz, Stefan"]
[Result "0-1"]
[ECO "C01"]
[WhiteElo "2352"]
[BlackElo "2035"]
[Annotator "ChessBase"]
[PlyCount "138"]
[EventDate "2019.10.04"]
[EventType "swiss"]
[EventCountry "ITA"]
[SourceTitle "playchess.com"]
[Source "ChessBase"]
[SourceQuality "1"]
[TimeControl "40/5400+30:1800+30"]

1. e4 e6 2. d4 d5 3. exd5 exd5 4. c4 Nf6 5. Nc3 Bb4 6. Bd3 dxc4 7. Bxc4 O-O 8. Nf3 Qe7+ 9. Be3 Nc6 10. O-O Bg4 11. h3 Bh5 12. a3 Bxc3 13. bxc3 Ne4 14. Re1 Qf6 15. Rc1 Rfe8 16. Be2 Ng3 17. Bb5 Nf5 18. Bxc6 Nxe3 19. Rxe3 Qxc6 20. Rxe8+ Rxe8 21. g4 Bg6 22. Ne5 Qe6 23. Qf3 c6 24. c4 f6 25. Nxg6 hxg6 26. Kg2 Rd8 27. Rd1 Qxc4 28. Qe3 Qd5+ 29. Qf3 Qxf3+ 30. Kxf3 Kf7 31. Ke4 Ke6 32. Rb1 b5 33. Rc1 Kd6 34. f4 a5 35. h4 Rh8 36. Rh1 b4 37. axb4 axb4 38. Rh3 Rb8 39. Rb3 c5 40. Kd3 Kd5 41. dxc5 Kxc5 42. Kc2 Re8 43. g5 Re2+ 44. Kd1 Rh2 45. gxf6 gxf6 46. f5 Rxh4 47. fxg6 Rg4 48. Rf3 Rxg6 49. Rf4 Kb5 50. Kc2 Ka4 51. Rf5 Rg2+ 52. Kc1 Ka3 53. Rxf6 Rg1+ 54. Kd2 Kb2 55. Kd3 Rg3+ 56. Kd2 b3 57. Rf8 Rg7 58. Rd8 Ra7 59. Rb8 Ka2 60. Kc3 Rc7+ 61. Kd2 Kb2 62. Rd8 Rc2+ 63. Kd1 Rh2 64. Rb8 Ka2 65. Ra8+ Kb1 66. Rb8 b2 67. Rd8 Rh3 68. Rb8 Ka2 69. Kc2 b1=Q+ 0-1

[Event "41st Arco Open 2019"]
[Site "Arco"]
[Date "2019.10.05"]
[Round "2"]
[White "Favaloro, Andrea"]
[Black "Geisshirt, Marco"]
[Result "1-0"]
[ECO "D79"]
[WhiteElo "2338"]
[BlackElo "2025"]
[Annotator "ChessBase"]
[PlyCount "79"]
[EventDate "2019.10.04"]
[EventType "swiss"]
[EventCountry "ITA"]
[SourceTitle "playchess.com"]
[Source "ChessBase"]
[SourceQuality "1"]
[TimeControl "40/5400+30:1800+30"]

1. Nf3 Nf6 2. g3 g6 3. Bg2 c5 4. c3 Bg7 5. d4 cxd4 6. cxd4 O-O 7. Nc3 d5 8. Ne5 Nc6 9. O-O Bf5 10. Nxc6 bxc6 11. Bf4 Qb6 12. Na4 Qb5 13. Be5 Ne4 14. Bxg7 Kxg7 15. Rc1 a5 16. b3 Rac8 17. Bxe4 Bxe4 18. Qd2 Bf5 19. Rc5 Qb4 20. Rd1 Ra8 21. Qe3 Rfe8 22. Rxc6 Bd7 23. Rb6 Qa3 24. Nc5 Bh3 25. Qd2 e5 26. Nd3 e4 27. Nf4 Be6 28. Rc1 a4 29. Nxe6+ fxe6 30. Rc7+ Re7 31. Rbb7 Rae8 32. b4 e3 33. fxe3 Kf6 34. e4 g5 35. e5+ Kf7 36. Qxg5 Qxb4 37. Rxe7+ Qxe7 38. Qf6+ Kg8 39. Rxe7 Rf8 40. Qg7# 1-0

[Event "41st Arco Open 2019"]
[Site "Arco"]
[Date "2019.10.05"]
[Round "2"]
[White "Welling, Gerard"]
[Black "Battistella, Stefano"]
[Result "1/2-1/2"]
[ECO "B25"]
[WhiteElo "2302"]
[BlackElo "2017"]
[Annotator "ChessBase"]
[PlyCount "43"]
[EventDate "2019.10.04"]
[EventType "swiss"]
[EventCountry "ITA"]
[SourceTitle "playchess.com"]
[Source "ChessBase"]
[SourceQuality "1"]
[TimeControl "40/5400+30:1800+30"]

1. e4 d6 2. Nc3 c5 3. g3 Nc6 4. Bg2 g6 5. d3 Bg7 6. f4 Nf6 7. Nf3 O-O 8. O-O Rb8 9. h3 b5 10. Qe1 b4 11. Nd1 a5 12. g4 Ba6 13. Ne3 Nd4 14. f5 Nxc2 15. Nxc2 Bxd3 16. Ne3 Nxe4 17. Nh2 d5 18. fxg6 hxg6 19. Rf3 Ng5 20. Rf2 Ne4 21. Rf3 Ng5 22. Rf2 1/2-1/2

[Event "41st Arco Open 2019"]
[Site "Arco"]
[Date "2019.10.05"]
[Round "2"]
[White "Zwahr, Paul"]
[Black "Cardarelli, Angelo"]
[Result "1/2-1/2"]
[ECO "B42"]
[WhiteElo "2282"]
[BlackElo "2014"]
[Annotator "ChessBase"]
[PlyCount "72"]
[EventDate "2019.10.04"]
[EventType "swiss"]
[EventCountry "ITA"]
[SourceTitle "playchess.com"]
[Source "ChessBase"]
[SourceQuality "1"]
[TimeControl "40/5400+30:1800+30"]

1. e4 c5 2. Nf3 e6 3. d4 cxd4 4. Nxd4 a6 5. Bd3 Bc5 6. Nb3 Ba7 7. Qg4 Nf6 8. Qg3 d6 9. Nc3 Nc6 10. Bg5 h6 11. Bd2 b5 12. f4 O-O 13. e5 Ne8 14. Ne4 Ne7 15. Nxd6 Nxd6 16. exd6 Nf5 17. Bxf5 exf5 18. O-O-O Qxd6 19. Bc3 Qg6 20. Qxg6 fxg6 21. Rhe1 Bb8 22. g3 Kf7 23. Bb4 Re8 24. Rxe8 Kxe8 25. Re1+ Kf7 26. Re7+ Kf6 27. Re8 g5 28. fxg5+ hxg5 29. Bc3+ Kg6 30. Rg8 Kh5 31. Bxg7 Bb7 32. Rh8+ Kg4 33. Nc5 Bc6 34. Nd3 f4 35. Kd1 fxg3 36. hxg3 Bxg3 1/2-1/2

[Event "41st Arco Open 2019"]
[Site "Arco"]
[Date "2019.10.05"]
[Round "2"]
[White "Curien, Nicolas"]
[Black "Simeone, Giulio"]
[Result "1-0"]
[ECO "D00"]
[WhiteElo "2261"]
[BlackElo "2004"]
[Annotator "ChessBase"]
[PlyCount "83"]
[EventDate "2019.10.04"]
[EventType "swiss"]
[EventCountry "ITA"]
[SourceTitle "playchess.com"]
[Source "ChessBase"]
[SourceQuality "1"]
[TimeControl "40/5400+30:1800+30"]

1. d4 Nf6 2. Nc3 d5 3. Bf4 Bf5 4. f3 c6 5. e3 Qb6 6. Rb1 e6 7. g4 Bg6 8. h4 h5 9. g5 Ng8 10. a3 Ne7 11. e4 Nd7 12. Qd2 Nc8 13. exd5 exd5 14. Rh2 Be7 15. Bh3 Qd8 16. Nge2 Ncb6 17. Ng3 O-O 18. Nf5 Nc4 19. Qf2 Re8 20. Kf1 Nf8 21. Be5 Nxe5 22. dxe5 Qa5 23. Nxe7+ Rxe7 24. f4 Rd8 25. Rd1 b5 26. f5 Bh7 27. f6 Rxe5 28. fxg7 Ng6 29. Qf6 Qc7 30. Rf2 Qe7 31. Qxc6 Nxh4 32. Qf6 Qxf6 33. gxf6 a6 34. Rd4 Nf5 35. Bxf5 Bxf5 36. Re2 Rxe2 37. Kxe2 Be6 38. Ke3 Kh7 39. Kf4 Kg6 40. Nxd5 Bxd5 41. Rxd5 Re8 42. Rg5+ 1-0

[Event "41st Arco Open 2019"]
[Site "Arco"]
[Date "2019.10.05"]
[Round "2"]
[White "Dittmar, Peter"]
[Black "Wernet, Andreas"]
[Result "1-0"]
[ECO "A90"]
[WhiteElo "2253"]
[BlackElo "1990"]
[Annotator "ChessBase"]
[PlyCount "67"]
[EventDate "2019.10.04"]
[EventType "swiss"]
[EventCountry "ITA"]
[SourceTitle "playchess.com"]
[Source "ChessBase"]
[SourceQuality "1"]
[TimeControl "40/5400+30:1800+30"]

1. d4 e6 2. c4 f5 3. g3 Nf6 4. Bg2 d5 5. Nh3 c6 6. Qc2 Bd6 7. O-O O-O 8. Bf4 Na6 9. a3 Nc7 10. Nd2 Qe7 11. Bxd6 Qxd6 12. Nf3 Bd7 13. Nf4 Be8 14. cxd5 Ncxd5 15. Nd3 Ne4 16. Nfe5 Rb8 17. Rac1 h5 18. Nc5 Nef6 19. e4 fxe4 20. Nxe4 Nxe4 21. Qxe4 Nf6 22. Qh4 Bf7 23. Rfd1 Qc7 24. Bf3 Rbd8 25. Rc5 Rd5 26. Bxd5 exd5 27. f3 Qb6 28. Rd2 Re8 29. Qf4 Be6 30. Kg2 Nd7 31. Nxd7 Bxd7 32. Rc3 Re1 33. Re3 Rb1 34. Re7 1-0

[Event "41st Arco Open 2019"]
[Site "Arco"]
[Date "2019.10.05"]
[Round "2"]
[White "Scheftlein, Richard"]
[Black "Valet, Richard"]
[Result "1-0"]
[ECO "E92"]
[WhiteElo "2236"]
[BlackElo "1987"]
[Annotator "ChessBase"]
[PlyCount "73"]
[EventDate "2019.10.04"]
[EventType "swiss"]
[EventCountry "ITA"]
[SourceTitle "playchess.com"]
[Source "ChessBase"]
[SourceQuality "1"]
[TimeControl "40/5400+30:1800+30"]

1. d4 Nf6 2. c4 g6 3. Nc3 Bg7 4. e4 d6 5. Nf3 O-O 6. Be2 e5 7. Be3 Nc6 8. d5 Ne7 9. Nd2 Nd7 10. O-O f5 11. f3 f4 12. Bf2 g5 13. b4 h5 14. c5 Nf6 15. Nc4 Ne8 16. a4 Rf7 17. a5 Ng6 18. cxd6 cxd6 19. Nb5 a6 20. Nb6 Rb8 21. Na3 Bf8 22. Rc1 Bd7 23. Nxd7 Rxd7 24. Bb6 Qf6 25. b5 Rg7 26. bxa6 bxa6 27. Bxa6 g4 28. Kh1 Nh4 29. Rg1 Nxf3 30. gxf3 Qh4 31. Rc8 Rxc8 32. Bxc8 Nf6 33. Bf5 g3 34. Rg2 Ng4 35. fxg4 hxg4 36. Bg1 gxh2 37. Be6+ 1-0

[Event "41st Arco Open 2019"]
[Site "Arco"]
[Date "2019.10.05"]
[Round "2"]
[White "Vezzosi, Paolo"]
[Black "Bergero, Simone"]
[Result "1-0"]
[ECO "A45"]
[WhiteElo "2235"]
[BlackElo "1984"]
[Annotator "ChessBase"]
[PlyCount "69"]
[EventDate "2019.10.04"]
[EventType "swiss"]
[EventCountry "ITA"]
[SourceTitle "playchess.com"]
[Source "ChessBase"]
[SourceQuality "1"]
[TimeControl "40/5400+30:1800+30"]

1. d4 Nf6 2. Bg5 Ne4 3. Bf4 g5 4. Bc1 g4 5. f3 gxf3 6. exf3 Nf6 7. Nc3 d5 8. Bf4 Bf5 9. Bd3 Bxd3 10. Qxd3 Bg7 11. Qb5+ Nc6 12. Qxb7 Nxd4 13. O-O-O c5 14. Bc7 Qc8 15. Qxc8+ Rxc8 16. Be5 e6 17. Bxd4 cxd4 18. Nb5 Kd7 19. Nxd4 Rc4 20. Nge2 Rb8 21. Rd3 Rcb4 22. Rb3 a5 23. c3 Rc8 24. Kd2 Bh6+ 25. Kd3 e5 26. Nf5 e4+ 27. Kc2 Rxb3 28. axb3 exf3 29. gxf3 Re8 30. Kd3 Bf8 31. Ra1 Kc6 32. Rxa5 Kb6 33. b4 Nd7 34. Ned4 Ne5+ 35. Kc2 1-0

[Event "41st Arco Open 2019"]
[Site "Arco"]
[Date "2019.10.05"]
[Round "2"]
[White "Verrascina, Roberto"]
[Black "Halkias, Stelios"]
[Result "0-1"]
[ECO "D02"]
[WhiteElo "2071"]
[BlackElo "2530"]
[Annotator "ChessBase"]
[PlyCount "73"]
[EventDate "2019.10.04"]
[EventType "swiss"]
[EventCountry "ITA"]
[SourceTitle "playchess.com"]
[Source "ChessBase"]
[SourceQuality "1"]
[TimeControl "40/5400+30:1800+30"]

1. g3 d5 2. Bg2 c6 3. Nf3 Bg4 4. O-O Nd7 5. d4 e6 6. Nbd2 Ngf6 7. b3 a5 8. a4 Be7 9. Bb2 Bh5 10. Re1 O-O 11. h3 c5 12. e3 Rc8 13. g4 Bg6 14. Ne5 Bxc2 15. Qe2 cxd4 16. exd4 Nxe5 17. dxe5 Nd7 18. Nf3 Bxb3 19. Nd4 Bc4 20. Qe3 Ba6 21. f4 Nb6 22. f5 Nc4 23. Qb3 Bc5 24. Kh1 Qb6 25. Nb5 Bxb5 26. axb5 Nxb2 27. Qxb2 Bd4 28. Qd2 Bc3 29. Qf4 Qd4 30. Qg5 h6 31. Qh5 Bxe1 32. Rxe1 Qf4 33. fxe6 fxe6 34. Qg6 Qf7 35. Qd3 a4 36. h4 Qf2 37. Qd1 0-1

[Event "41st Arco Open 2019"]
[Site "Arco"]
[Date "2019.10.05"]
[Round "2"]
[White "Sorcinelli, Francesco"]
[Black "Horvath, Jozsef"]
[Result "1-0"]
[ECO "B12"]
[WhiteElo "2065"]
[BlackElo "2450"]
[Annotator "ChessBase"]
[PlyCount "78"]
[EventDate "2019.10.04"]
[EventType "swiss"]
[EventCountry "ITA"]
[SourceTitle "playchess.com"]
[Source "ChessBase"]
[SourceQuality "1"]
[TimeControl "40/5400+30:1800+30"]

1. e4 c6 2. d4 d5 3. e5 Bf5 4. Nf3 e6 5. Be2 Ne7 6. O-O c5 7. dxc5 Nec6 8. Be3 Nd7 9. Bb5 Bg4 10. h3 Bxf3 11. Qxf3 Bxc5 12. Bxc5 Nxc5 13. Bxc6+ bxc6 14. Nd2 O-O 15. Nb3 Na4 16. Rab1 c5 17. Qg4 Qe8 18. c4 Rb8 19. cxd5 exd5 20. f4 Rb4 21. Qf3 Qe6 22. Rbe1 Qb6 23. f5 c4+ 24. Kh1 cxb3 25. f6 Qe6 26. Qg3 g6 27. Qe3 Kh8 28. axb3 Nxb2 29. Qc3 Rfb8 30. Qxb2 Rxb3 31. Qd2 Rg8 32. Qg5 Rb4 33. Rb1 Re4 34. Rbe1 Rc4 35. Rb1 Re4 36. Rbe1 Qc6 37. Rxe4 dxe4 38. Rf4 Qc1+ 39. Kh2 a5 1-0

[Event "41st Arco Open 2019"]
[Site "Arco"]
[Date "2019.10.05"]
[Round "2"]
[White "Fehr, Axel"]
[Black "Sarkar, Justin"]
[Result "0-1"]
[ECO "C78"]
[WhiteElo "2045"]
[BlackElo "2350"]
[Annotator "ChessBase"]
[PlyCount "62"]
[EventDate "2019.10.04"]
[EventType "swiss"]
[EventCountry "ITA"]
[SourceTitle "playchess.com"]
[Source "ChessBase"]
[SourceQuality "1"]
[TimeControl "40/5400+30:1800+30"]

1. e4 e5 2. Nf3 Nc6 3. Bb5 a6 4. Ba4 Nf6 5. O-O b5 6. Bb3 Bc5 7. c3 d6 8. a4 Rb8 9. Na3 O-O 10. axb5 axb5 11. d4 Bxa3 12. bxa3 Nxe4 13. Qe1 Nf6 14. dxe5 Re8 15. exf6 Rxe1 16. Rxe1 Bg4 17. Ng5 d5 18. fxg7 h6 19. h3 Bh5 20. g4 Bg6 21. Nf3 Na5 22. Bd1 Qf6 23. Bxh6 Be4 24. Bg5 Qxc3 25. Rc1 Qxa3 26. Nd4 Qxh3 27. f3 Qg3+ 28. Kf1 Bd3+ 29. Be2 Nb3 30. Bxd3 Nxd4 31. Be2 Nxf3 0-1

[Event "41st Arco Open 2019"]
[Site "Arco"]
[Date "2019.10.05"]
[Round "2"]
[White "Lang, Alexander"]
[Black "Molnar, Bela"]
[Result "0-1"]
[ECO "A42"]
[WhiteElo "2032"]
[BlackElo "2305"]
[Annotator "ChessBase"]
[PlyCount "78"]
[EventDate "2019.10.04"]
[EventType "swiss"]
[EventCountry "ITA"]
[SourceTitle "playchess.com"]
[Source "ChessBase"]
[SourceQuality "1"]
[TimeControl "40/5400+30:1800+30"]

1. d4 d6 2. Nf3 g6 3. c4 Bg7 4. Nc3 Nd7 5. e4 e5 6. d5 a5 7. Bd3 Nc5 8. Bc2 Ne7 9. Be3 O-O 10. Qd2 b6 11. Bh6 Bd7 12. h4 f6 13. O-O-O Qe8 14. Rdg1 b5 15. g4 bxc4 16. Be3 Nd3+ 17. Bxd3 cxd3 18. Qxd3 a4 19. h5 Rf7 20. Nd2 g5 21. Ndb1 h6 22. f3 c6 23. Na3 cxd5 24. Nxd5 Nxd5 25. Qxd5 Be6 26. Qb5 Rc7+ 27. Kb1 Qf7 28. Rc1 Rb7 29. Qc6 d5 30. Rc5 d4 31. Rb5 Rba7 32. Bd2 Bd7 33. Qb6 Bf8 34. Rc5 Bxc5 35. Qxc5 Rb7 36. Rc1 Rab8 37. Nc4 Be6 38. b4 axb3 39. a3 Rc7 0-1

[Event "41st Arco Open 2019"]
[Site "Arco"]
[Date "2019.10.05"]
[Round "2"]
[White "Steiger, Michael"]
[Black "Sedina, Elena"]
[Result "1/2-1/2"]
[ECO "A29"]
[WhiteElo "2015"]
[BlackElo "2294"]
[Annotator "ChessBase"]
[PlyCount "83"]
[EventDate "2019.10.04"]
[EventType "swiss"]
[EventCountry "ITA"]
[SourceTitle "playchess.com"]
[Source "ChessBase"]
[SourceQuality "1"]
[TimeControl "40/5400+30:1800+30"]

1. c4 e5 2. g3 Nc6 3. Bg2 Bc5 4. Nc3 a6 5. Nf3 d6 6. O-O Nf6 7. d3 h6 8. a3 O-O 9. b4 Ba7 10. Bb2 Nd4 11. e3 Nxf3+ 12. Bxf3 c6 13. d4 Qe7 14. d5 cxd5 15. Nxd5 Nxd5 16. Qxd5 Bb8 17. Rfd1 Bc7 18. Rac1 Rd8 19. e4 Rb8 20. Rd2 Be6 21. Qd3 Rbc8 22. Rdc2 Bb6 23. Be2 f6 24. Qd1 Qf7 25. Bg4 f5 26. Bxf5 Bxf5 27. exf5 Qxf5 28. Kg2 Kh8 29. Qd5 Rd7 30. Re2 Rf8 31. Rcc2 Bd8 32. Qe4 Qf7 33. Qd5 Qxd5+ 34. cxd5 Bb6 35. Bc1 Kg8 36. Be3 Bxe3 37. fxe3 Rdf7 38. Rc1 Rf3 39. Rc7 R8f7 40. Rxf7 Rxf7 41. Rc2 e4 42. Rc4 1/2-1/2

[Event "41st Arco Open 2019"]
[Site "Arco"]
[Date "2019.10.05"]
[Round "2"]
[White "De Vita, Gianni"]
[Black "Bifulco, Michel"]
[Result "1/2-1/2"]
[ECO "C55"]
[WhiteElo "2011"]
[BlackElo "2261"]
[Annotator "ChessBase"]
[PlyCount "56"]
[EventDate "2019.10.04"]
[EventType "swiss"]
[EventCountry "ITA"]
[SourceTitle "playchess.com"]
[Source "ChessBase"]
[SourceQuality "1"]
[TimeControl "40/5400+30:1800+30"]

1. e4 e5 2. Nf3 Nc6 3. Bc4 Nf6 4. d3 h6 5. Nc3 d6 6. h3 g5 7. Nd5 Bg7 8. g4 Be6 9. Ne3 Bxc4 10. Nxc4 d5 11. Ncxe5 Nxe5 12. Nxe5 Qe7 13. Nf3 dxe4 14. O-O O-O-O 15. Qe2 Rhe8 16. Re1 Qe6 17. dxe4 Nxe4 18. c3 Qc6 19. Be3 f5 20. gxf5 Nd6 21. Rad1 Nxf5 22. Rxd8+ Rxd8 23. Bxa7 b6 24. Qa6+ Qb7 25. Qe2 Qc6 26. Qa6+ Qb7 27. Qe2 Qc6 28. Qa6+ Kd7 1/2-1/2

[Event "41st Arco Open 2019"]
[Site "Arco"]
[Date "2019.10.05"]
[Round "2"]
[White "Caruso, Daniele"]
[Black "Fecker, Noah"]
[Result "0-1"]
[ECO "A04"]
[WhiteElo "1989"]
[BlackElo "2240"]
[Annotator "ChessBase"]
[PlyCount "54"]
[EventDate "2019.10.04"]
[EventType "swiss"]
[EventCountry "ITA"]
[SourceTitle "playchess.com"]
[Source "ChessBase"]
[SourceQuality "1"]
[TimeControl "40/5400+30:1800+30"]

1. Nf3 c5 2. b3 d6 3. Bb2 e5 4. e3 Nf6 5. Bb5+ Bd7 6. Bxd7+ Qxd7 7. O-O Be7 8. d4 cxd4 9. exd4 e4 10. Nfd2 O-O 11. Re1 d5 12. c4 Bb4 13. Nc3 Bxc3 14. Bxc3 Nc6 15. cxd5 Qxd5 16. Nc4 Rad8 17. Ne3 Qg5 18. d5 Nxd5 19. Nxd5 Rxd5 20. Qe2 Rd3 21. Rac1 f5 22. Kh1 Rfd8 23. g4 Rh3 24. Rg1 Rdd3 25. gxf5 Rxh2+ 26. Kxh2 Qh4+ 27. Kg2 Qh3# 0-1